cohdb
Replays
Latest Replays
All Replays
Popular Replays
Top Player Replays
Match Explorer
How It Works
Community
CoH3 Stats
Reddit
Sign in to upload your games and track your stats! →
Sign in with Steam
Match 41686540
Unlisted
Match 41686540
Overview
Messages
Build Orders
End
Panzergrenadier Squad
Selects Battlefield Espionage Battlegroup
Panzergrenadier Squad
250 Light Carrier
Panzergrenadier Squad
Construct Light Support Kompanie
Selects 250/3 Funkpanzerwagen
2.5-tonne Medical Truck
Fire Support Elements
Pak 38 Mechanized Group
Selects Anti-Tank Incendiary Munitions
Veteran Squad Leaders
Construct Panzerarmee Kommand
dobRi3000
BigGunBand
neko chan
Insomniac
0
0
Comments
sign in to comment!
No comments posted yet!